 Dungeon Crawl Stone Soup version 0.30-a0-743-gbfdf073431 (webtiles) character file.

Game seed: 15307721307667245345

11 avis the Shooter (level 2, 0/24 HPs)
             Began as a Demigod Hunter on Feb 7, 2023.
             Slain by a worm (8 damage)
             ... on level 1 of the Dungeon.
             The game lasted 00:02:09 (587 turns).

avis the Shooter (Demigod Hunter)                    Turns: 587, Time: 00:02:10

Health: 0/24       AC:  3    Str: 12    XL:     2   Next: 6%
Magic:  4/4        EV: 12    Int: 11    God:
Gold:   21         SH:  0    Dex: 17    Spells: 1/1 levels left

rFire   . . .      SeeInvis .    a - +0 shortbow
rCold   . . .      Faith    .    (shield currently unavailable)
rNeg    . . .      Spirit   .    c - +0 leather armour
rPois   .          Reflect  .    (no helmet)
rElec   .          Harm     .    (no cloak)
rCorr   .          Rampage  .    (no gloves)
Will    .....                    (no boots)
Stlth   ++                       (no amulet)
HPRegen 0.24/turn                (no ring)
MPRegen 0.09/turn                (no ring)

@: no status effects
A: high MP 1, forlorn, divine attributes
a: no special abilities


You were on level 1 of the Dungeon.
You visited 1 branch of the dungeon, and saw 2 of its levels.

You collected 21 gold pieces.

Inventory:

Hand Weapons
 a - a +0 shortbow (weapon)
Armour
 c - a +0 leather armour (worn)
Scrolls
 b - a scroll of immolation
 f - a scroll of noise {unknown}
Potions
 d - 3 potions of curing {unknown}
 e - 2 potions of cancellation {unknown}


   Skills:
 * Level 2.1 Fighting
 - Level 4.0 Ranged Weapons
 - Level 1.7 Dodging
 - Level 0.8 Stealth


You had one spell level left.
You didn't know any spells.
Your spell library was empty.

Dungeon Overview and Level Annotations

Branches:
Dungeon (2/15)


Innate Abilities, Weirdness & Mutations

You have an increased reservoir of magic. (+10% MP)
You shall have no god before yourself.
Your divine heritage dramatically boosts your attributes as you level up.


Message History

Press: ? - help, Q - select action Shift-Dir - straight line, f/p - worm
Aim: a worm (heavily wounded, 80% to hit)
You shoot an arrow. The arrow hits the worm.
The worm is heavily wounded.
The ball python closely misses you. The ball python misses you.
The ball python bites you but does no damage.
The ball python misses you.
You climb upwards.
There is a stone staircase leading down here.
Fire: a) +0 shortbow
Press: ? - help, Q - select action Shift-Dir - straight line, f - ball python
Aim: a ball python (60% to hit)
You shoot an arrow. The arrow hits the ball python!
You kill the ball python!
You start resting.
HP restored.
You climb downwards.
The kobold misses you. x2; The worm closely misses you.
The worm bites you but does no damage.
There is a stone staircase leading up here.
The kobold hits you but does no damage.
You climb upwards.
There is a stone staircase leading down here.
Fire: a) +0 shortbow
Press: ? - help, Q - select action Shift-Dir - straight line, f - kobold
Aim: a kobold, wielding a +0 short sword and quivering stones (56% to hit)
You shoot an arrow. The arrow closely misses the kobold.
The worm misses you. The kobold barely misses you. The worm misses you.
Fire: a) +0 shortbow
Press: ? - help, Q - select action Shift-Dir - straight line, f/p - kobold
Aim: a kobold, wielding a +0 short sword and quivering stones (56% to hit)
You shoot an arrow. The arrow closely misses the kobold.
The kobold hits you with a +0 short sword.
The worm bites you! x2
* * * LOW HITPOINT WARNING * * *
Fire: a) +0 shortbow
Press: ? - help, Q - select action Shift-Dir - straight line, f/p - kobold
Aim: a kobold, wielding a +0 short sword and quivering stones (56% to hit)
You shoot an arrow. The arrow hits the kobold!
You kill the kobold!
The worm bites you!
You die...

#.#####.#.###.......##.#
#...........#.....####.#
####.##....)#.....####.#
#...................#
####.....#....#######
#.....#.#.##
###.###.#.####### #ww.#
#.........#
#@#.###.#.#####.#
#)#........####.#
#.##............#
#.##.#.......##.#
#.##.#..........##
#.##.#.......#....
#.##.##.....##..##
#.##.##....#.#.>#
#...#...#...#...##


You could see 2 worms.

Vanquished Creatures
  An endoplasm (D:1)
  A giant cockroach (D:1)
  A goblin (D:1)
  A quokka (D:1)
  A ball python (D:1)
  4 kobolds (D:1)
  4 rats (D:1)
13 creatures vanquished.

Notes
Turn   | Place    | Note
-------+----------+-------------------------------------------
     0 | D:1      | avis the Demigod Hunter began the quest for the Orb.
     0 | D:1      | Reached XP level 1. HP: 17/17 MP: 3/3
   385 | D:1      | Reached skill level 4 in Ranged Weapons
   482 | D:1      | Reached XP level 2. HP: 24/24 MP: 4/4
   587 | D:1      | Slain by a worm

Illustrated notes

Levels and vault maps discovered:
D:1:      scummos_arrival_hexagon, layout_loops_ring, hangedman_feature_mirror
D:2:      layout_loops_corners, minmay_crystal_water, grunt_ministairs_7,
          kennysheep_generic_room_10

Skill      XL: |  1 |
---------------+----+-----
Fighting       | 2 |  2.1
Ranged Weapons | 4 |  4.0
Dodging        | |  1.7
Stealth        | |  0.8

Action                     || total
---------------------------++-------
   Fire: Shortbow          ||    33
 Armour: Leather armour    ||     4
  Dodge: Dodged            ||    17

Table legend: (Time is in decaauts)
 A = Elapsed time spent in this place.
 B = Non-inter-level travel time spent in this place.
 C = Inter-level travel time spent in this place.
 D = Time resting spent in this place.
 E = Time spent auto-exploring this place.
 F = Levels seen in this place.
 G = Mean time per level.
                   A        B        C        D        E       F      G
               +--------+--------+--------+--------+--------+-----+--------+
         Total |    599 |    591 |      8 |      0 |    501 |   2 |  299.5 |
       Dungeon |    599 |    591 |      8 |      0 |    501 |   2 |  299.5 |
               +--------+--------+--------+--------+--------+-----+--------+

Top non-repeatable levels by time:
     D:1: 592 daAuts
     D:2: 6 daAuts
